 Dungeon Crawl Stone Soup version 0.28-b1-70-g80dc712255 (webtiles) character file.

Game seed: 4693895737238182609

984 tizbic2 the Twirler (level 7, -8/55 HPs)
             Began as a Demonspawn Gladiator on Feb 3, 2022.
             Mangled by Duvessa (12 damage)
             ... on level 6 of the Dungeon.
             The game lasted 00:20:55 (4198 turns).

tizbic2 the Twirler (Demonspawn Gladiator)          Turns: 4198, Time: 00:20:55

Health: -8/55      AC:  8    Str: 14    XL:     7   Next: 97%
Magic:  7/7        EV:  7    Int: 10    God:
Gold:   207        SH: 23    Dex: 16    Spells: 6/6 levels left

rFire   . . .      SeeInvis .   e - +2 hand axe (elec)
rCold   . . .      Faith    .   q - +0 tower shield
rNeg    . . .      Spirit   .   t - +0 ring mail
rPois   .          Reflect  +   c - +0 helmet
rElec   .          Harm     .   (no cloak)
rCorr   .          Rampage  .   (no gloves)
Will    .....                   b - +1 pair of boots
Stlth   +.........              l - amulet of reflection
HPRegen 0.18/turn               (no ring)
MPRegen 0.10/turn               (no ring)

@: flying
A: large bone plates 2, spiny 1, weakness stinger 1
a: no special abilities


You were on level 6 of the Dungeon.
You visited 1 branch of the dungeon, and saw 6 of its levels.

You collected 207 gold pieces.

Inventory:

Hand Weapons
 a - a +0 quarterstaff
 e - a +2 hand axe of electrocution (weapon)
 w - a +1 hunting sling of flaming
Missiles
 d - 3 throwing nets
 f - 192 stones
 h - 89 sling bullets
 u - 4 poisoned darts (quivered)
Armour
 b - a +1 pair of boots (worn)
 c - a +0 helmet (worn)
 g - an orb of guile
 q - a +0 tower shield (worn)
 t - a +0 ring mail (worn)
Jewellery
 l - an amulet of reflection (around neck)
 n - an amulet of faith
Scrolls
 i - 3 scrolls of identify
 k - 3 scrolls of brand weapon
 r - a scroll of fear
Potions
 j - a potion of ambrosia {unknown}
 m - 2 potions of flight
 o - a potion of magic {unknown}
 p - 2 potions of curing {unknown}
 s - a potion of heal wounds {unknown}


   Skills:
 + Level 4.9 Fighting
 * Level 6.5 Staves
 - Level 2.2 Throwing
 - Level 2.6 Dodging
 + Level 1.3 Shields
 - Level 3.2 Unarmed Combat


You had 6 spell levels left.
You didn't know any spells.
Your spell library contained the following spells:

 Spells                   Type           Power      Damage    Failure   Level
 Gell's Gravitas          Tloc           0%         N/A       100%        3
 Teleport Other           Tloc           0%         N/A       100%        3
 Dispersal                Tloc           0%         N/A       100%        6


Dungeon Overview and Level Annotations

Branches:
Dungeon (6/15)
 Temple: D:4-7

Altars:
Trog

Shops:
D:4 *

Annotations:
D:6 Duvessa


Innate Abilities, Weirdness & Mutations

You are mostly covered in large bone plates. (SH +6)
You are partially covered in sharp spines.
You have a small tail.


Message History

You hit Dowan. You block Duvessa's attack. You block Dowan's attack.
You block Duvessa's attack. Dowan hits you with a +0 dagger.
You hit Duvessa.
You tail-slap Duvessa, but do no damage.
Duvessa is heavily wounded.
You hit Dowan. You block Duvessa's attack. You block Dowan's attack.
You completely miss Duvessa.
Duvessa is heavily wounded.
You hit Dowan. Lightning courses through Dowan!
You kill Dowan!
Duvessa screams, "No!
How DARE you!"
Duvessa goes berserk!
You block Duvessa's attack. x2
Duvessa hits you with a +1 short sword of protection!
You block Duvessa's attack.
You climb downwards.
There is a stone staircase leading up here.
You hit Duvessa.
Duvessa is heavily wounded.
You block Duvessa's attack.
Duvessa hits you with a +1 short sword of protection!
* * * LOW HITPOINT WARNING * * *
You block Duvessa's attack.
It was a potion of flight.
You feel very buoyant.
You fly up into the air.
You block Duvessa's attack.
Okay, then.
You can't see any enemies this would affect, really read the scroll of fear?
Okay, then.
Okay, then.
You block Duvessa's attack. You block Duvessa's attack.
An iguana comes into view.
The iguana hisses angrily.
You block Duvessa's attack. You block Duvessa's attack.
You block Duvessa's attack. x2
Duvessa rages.
You block Duvessa's attack.
Duvessa hits you with a +1 short sword of protection!
You die...

.#....#..#
#.....##..# ..##
...#......# ..#.
..#...##...#
............#..##
..#...#........#
..##.##.#...#..###
........##.##..#.#
................@#
.........[.....÷e#
#................#
#................#
#................#
#....<...........#
................l#
##...............#
##......#.....#.#


You could see Duvessa (berserk) and an iguana.

Vanquished Creatures
  Grinder (D:5)
  Menkaure (D:5)
  A black bear (D:6)
  An ogre (D:4)
  A scorpion (D:4)
  A water moccasin zombie (D:5)
  Dowan (D:5)
  An orc priest (D:3)
  A centaur skeleton (D:5)
  A bullfrog skeleton (D:5)
  An iguana (D:4)
  3 gnolls (D:4)
  8 adders
  An ufetubus (D:4)
  A worm (D:2)
  2 dart slugs
  5 orcs
  8 endoplasms
  5 giant cockroaches
  3 hobgoblins
  10 jackals
  12 kobolds
  4 quokkas
  7 ball pythons
  5 bats
  4 frilled lizards
  9 goblins
  2 rats
100 creatures vanquished.

Notes
Turn   | Place    | Note
-------+----------+-------------------------------------------
     0 | D:1      | tizbic2 the Demonspawn Gladiator began the quest for the
                  | Orb.
     0 | D:1      | Reached XP level 1. HP: 16/16 MP: 1/1
     8 | D:1      | Noticed a demonspawn zombie
    16 | D:1      | Noticed a demonspawn zombie
    23 | D:1      | Noticed a demonspawn zombie
    23 | D:1      | Noticed a demonspawn zombie
    25 | D:1      | Noticed a merfolk zombie
   184 | D:1      | Reached skill level 3 in Staves
   209 | D:1      | Gained mutation: You are partially covered in sharp spines.
                  | [demonic ancestry]
   209 | D:1      | Reached XP level 2. HP: 21/22 MP: 2/2
   802 | D:1      | Gained mutation: You are partially covered in large bone
                  | plates. (SH +4) [demonic ancestry]
   802 | D:1      | Reached XP level 3. HP: 28/28 MP: 3/3
  1010 | D:2      | Found a faded altar of an unknown god.
  1251 | D:2      | Reached XP level 4. HP: 34/34 MP: 4/4
  1334 | D:2      | Reached skill level 1 in Unarmed Combat
  1842 | D:2      | Found a bloodstained altar of Trog.
  2303 | D:2      | Reached skill level 4 in Staves
  2394 | D:3      | Reached XP level 5. HP: 24/41 MP: 5/5
  2690 | D:3      | You fall into a shaft and drop 2 floors!
  2690 | D:5      | Entered Level 5 of the Dungeon
  2690 | D:5      | Noticed Menkaure
  2690 | D:5      | Noticed Grinder
  2868 | D:4      | Noticed an ogre
  2878 | D:4      | Killed an ogre
  2879 | D:4      | Gained mutation: You are mostly covered in large bone
                  | plates. (SH +6) [demonic ancestry]
  2879 | D:4      | Reached XP level 6. HP: 40/47 MP: 6/6
  3124 | D:4      | Found Zyeniywn's General Store.
  3224 | D:4      | Reached skill level 5 in Staves
  3578 | D:5      | Killed Menkaure
  3579 | D:5      | Gained mutation: You have a small tail. [demonic ancestry]
  3579 | D:5      | Reached XP level 7. HP: 29/54 MP: 7/7
  3755 | D:5      | Killed Grinder
  3756 | D:5      | Reached skill level 6 in Staves
  4051 | D:5      | Reached skill level 1 in Shields
  4113 | D:5      | Noticed Dowan
  4114 | D:5      | Noticed Duvessa
  4184 | D:5      | Killed Dowan
  4187 | D:6      | HP: 2/55 [Duvessa (17)]
  4198 | D:6      | Mangled by Duvessa

Illustrated notes

Levels and vault maps discovered:
D:1:      shiori_arrival_whats_in_store_for_you, layout_basic,
          minmay_misc_feat_enclosed, minmay_domino_2
D:2:      minmay_thinvault, layout_basic, basic_altar,
          shapermc_ecumenical_altar_acropolis
D:3:      layout_loops_ring, mainiacjoe_overflow_six_doors_small
D:4:      layout_basic, serial_shops, nicolae_diamond_shop
D:5:      layout_basic, nemelex_spade_bored_becter, minmay_temple_entry_grid,
          uniq_duvessa, uniq_menkaure, uniq_grinder
D:6:      layout_rooms, lemuel_coloured_pillars_altar,
          hangedman_decor_clover_reticule, minmay_ogre_servants

Skill      XL: |  1  2  3  4  5  6  7 |
---------------+----------------------+-----
Staves         | 3 4 5 6 |  6.5
Throwing       | 2 |  2.2
Unarmed Combat | 1 2 3 |  3.2
Fighting       | 3 4 |  4.9
Shields        | 1 |  1.3
Dodging        | |  2.6

Action                   |  1- 3 |  4- 6 |  7- 9 || total
-------------------------+-------+-------+-------++-------
Melee: Quarterstaff      |    28 |       |       ||    28
       Whip              |    68 |    59 |       ||   127
       Punch             |       |     2 |       ||     2
       Hand axe          |       |    24 |    43 ||    67
       Hunting sling     |       |     5 |       ||     5
       Tailslap          |       |       |     8 ||     8
 Fire: Hunting sling     |       |    43 |     3 ||    46
Throw: Stone             |     9 |       |       ||     9
  Use: Scroll            |       |     4 |       ||     4
       Potion            |       |       |     1 ||     1
Armor: Leather armour    |    28 |     7 |       ||    35
       Ring mail         |       |    16 |    19 ||    35
Dodge: Dodged            |    43 |    38 |    10 ||    91
Block: Other             |    33 |    52 |     7 ||    92
       Reflection        |     5 |     3 |     1 ||     9
       Tower shield      |       |       |    69 ||    69
